 Dungeon Crawl Stone Soup version 0.31.0-11-ge490571c62 (webtiles) character file.

Game seed: 3888438622892773712

34 Abimelech the Magician (level 3, 0/26 HPs)
             Began as a Djinni Fire Elementalist on Feb 3, 2024.
             Killed from afar by zewo's ghost (12 damage)
             ... with a blast of sand
             ... on level 3 of the Dungeon.
             The game lasted 00:03:16 (670 turns).

Abimelech the Magician (Djinni Fire Elementalist)    Turns: 670, Time: 00:03:16

Health: 0/26       AC:  2    Str:  9    XL:     3   Next: 50%
Gold:   22         EV: 12    Int: 16    God:
                   SH:  0    Dex: 13

rFire   + + .        c - +1 dagger (freeze)
rCold   x . .        (no shield)
rNeg    . . .        a - +0 robe
rPois   ∞            (no helmet)
rElec   .            (no cloak)
rCorr   .            (no gloves)
SInv    .            (boots unavailable)
Will    .....        (no amulet)
Stlth   ++           (no ring)
HPRegen 0.24/turn    (no ring)
MPRegen 0.00/turn

%: infuse magic (-1 HP)
@: weak-willed, flying
A: sickness immunity, fire resistance 2, cold vulnerability 1, float, innate
caster, HP casting, extra vitality 1
a: no special abilities


You were on level 3 of the Dungeon.
You visited 1 branch of the dungeon, and saw 3 of its levels.

You collected 22 gold pieces.

Inventory:

Hand Weapons
 c - a +1 dagger of freezing (weapon)
Armour
 a - a +0 robe (worn)
Scrolls
 b - a scroll of identify {unknown}


   Skills:
 * Level 0.8 Fighting
 * Level 0.4 Short Blades
 * Level 0.8 Armour
 * Level 2.7 Dodging
 * Level 2.0 Stealth
 * Level 3.2 Spellcasting
 * Level 3.2 Conjurations
 * Level 3.2 Hexes
 * Level 3.2 Summonings
 * Level 3.2 Necromancy
 * Level 3.2 Translocations
 * Level 3.2 Fire Magic
 * Level 3.2 Ice Magic
 * Level 3.2 Air Magic
 * Level 3.2 Earth Magic
 * Level 3.2 Alchemy


You knew the following spells:

 Your Spells              Type           Power      Damage    Failure   Level
a - Foxfire               Conj/Fire      52%        2x1d6     4%          1
b - Scorch                Fire           26%        2d6       8%          2
c - Volatile Blastmotes   Fire/Tloc      26%        2d12      14%         3
d - Inner Flame           Hex/Fire       13%        N/A       14%         3
e - Flame Wave            Conj/Fire      13%        2d6       43%         4
f - Shock                 Conj/Air       52%        1d6       4%          1
Your spell library was empty.

Dungeon Overview and Level Annotations

Branches:
Dungeon (3/15)

Altars:

Annotations:
D:3 zewo's ghost, amateur GrEE


Innate Abilities, Weirdness & Mutations

You are immune to sickness and miasma.
You are immune to poison.
Your flesh is very heat resistant. (rF++)
You are vulnerable to cold. (rC-)
You float through the air rather than walking.
You learn spells naturally, not from books.
Your magical power is your life essence.
You have superior vitality. (+4 MHP)


Message History

You see here 9 gold pieces.
You now have 22 gold pieces (gained 9).
Casting: Scorch (safe; 8% risk of failure)
Press: ? - help, Q - select action, (/) - cycle Dir - look around, f - activate Flames lash the hobgoblin.
The hobgoblin is heavily wounded.
The hobgoblin's fire resistance burns away.
The hobgoblin hits you.
You hit the hobgoblin but do no damage.
The hobgoblin is heavily wounded.
The hobgoblin completely misses you.
You barely miss the hobgoblin.
The hobgoblin is heavily wounded.
The hobgoblin is no longer more vulnerable to fire.
The hobgoblin misses you.
You hit the hobgoblin. You freeze the hobgoblin.
You kill the hobgoblin!
Items here: ( ) ††.
Things that are here:
a +0 leather armour; a +0 hand axe; an orc skeleton
Found a scroll labelled ATSAESOEJUE.
d - a scroll labelled ATSAESOEJUE
Found a runed translucent door.
As you read the scroll labelled ATSAESOEJUE, it crumbles to dust.
A wave of despondency washes over your surroundings.
It was a scroll of vulnerability.
Found a ring mail.
Zewo's ghost turns its malevolent gaze towards you.
You reach down and open the door.
The river rat squeaks loudly.
A giant cockroach comes into view.
Casting: Scorch (safe; 8% risk of failure)
Press: ? - help, Q - select action, (/) - cycle Dir - look around, f - activate Flames lash the giant cockroach.
You kill the giant cockroach!
Zewo's ghost gestures at you while chanting.
The blast of sand hits you! Zewo's ghost casts a spell at you.
The blast of sand hits you!
You die...

.........(......<..#
.............[)#####
..####..)......(<#
#..#.#.(#.#.# #
#..#(.....#.#
###.#####..###..#.#.#
....................#
###.##..######.##.###
##@## #.##.# #...# #.
#.# ##'## ..# #~§~#
#.# #rW~# #.# #~r~#
.. #~~w# #~B~# #~~~#


You could see a ribbon worm, zewo's ghost, a river rat, a quokka and a giant
cockroach.

Vanquished Creatures
  An orc (D:3)
  2 endoplasms
  2 giant cockroaches
  2 goblins
  4 hobgoblins
  6 jackals
  4 kobolds
  A quokka (D:1)
  A ball python (D:2)
  2 bats (D:1)
  A frilled lizard (D:1)
  A rat (D:2)
27 creatures vanquished.

Vanquished Creatures (others)
  19 foxfires
19 creatures vanquished.

Grand Total: 46 creatures vanquished

Notes
Turn   | Place    | Note
-------+----------+-------------------------------------------
     0 | D:1      | Abimelech the Djinni Fire Elementalist began the quest for
                  | the Orb.
     0 | D:1      | Abimelech set off with the following spells memorised:
                  | Foxfire, Scorch, Volatile Blastmotes, Inner Flame, Flame
                  | Wave.
     0 | D:1      | Reached XP level 1. HP: 15/15 MP: 0/0
   153 | D:1      | Reached XP level 2. HP: 20/21 MP: 0/0
   370 | D:2      | Reached XP level 3. HP: 24/26 MP: 0/0
   370 | D:2      | Learned a level 1 spell: Shock
   662 | D:3      | Found a runed translucent door.
   666 | D:3      | Noticed zewo's ghost (amateur GrEE)
   670 | D:3      | Killed from afar by zewo's ghost

Illustrated notes

Levels and vault maps discovered:
D:1:      scummos_arrival_forest, layout_loops_cross,
          hellmonk_ecumenical_altar_heavens_door
D:2:      layout_basic, minmay_door_square, minmay_joined_circles
D:3:      minmay_inner_zag, layout_loops_ring, ebering_ghost_sewer_f

Skill      XL: |  1  2  3 |
---------------+----------+-----
Stealth        | 2 |  2.0
Fighting       | |  0.8
Short Blades   | |  0.4
Armour         | |  0.8
Dodging        | |  2.7
Spellcasting   | |  3.2
Conjurations   | |  3.2
Hexes          | |  3.2
Summonings     | |  3.2
Necromancy     | |  3.2
Translocations | |  3.2
Fire Magic     | |  3.2
Ice Magic      | |  3.2
Air Magic      | |  3.2
Earth Magic    | |  3.2
Alchemy        | |  3.2

Action                     || total
---------------------------++-------
  Melee: Dagger            ||    19
   Cast: Foxfire           ||    12
         Scorch            ||    15
    Use: Scroll            ||     3
   Stab: Sleeping          ||     1
 Armour: Robe              ||    27
  Dodge: Dodged            ||    39
